 Dungeon Sprint DCSS version 0.30-a0-1163-gf69bf04e7a (webtiles) character file.

Game seed: 15244548813923628062

660 rocky1 the Fortune-Teller (level 7, 0/56 HPs)
             Began as a Demonspawn Gladiator on Apr 29, 2023.
             Was a Believer of Nemelex Xobeh.
             Slain by a shadow wraith (8 damage)
             ... in the Dungeon (Sprint VII: "The Pits").
             The game lasted 00:03:16 (1574 turns).

rocky1 the Fortune-Teller (Demonspawn Gladiator)    Turns: 1574, Time: 00:03:18

Health: 0/56       AC:  4    Str: 16    XL:     7   Next: 30%
Magic:  13/13      EV: 14    Int: 10    God:    Nemelex Xobeh [**....]
Gold:   0          SH:  0    Dex: 14    Spells: 6/6 levels left

rFire   . . .        p - +1 trident (heavy)
rCold   . . .        (no shield)
rNeg    . . .        b - +0 leather armour
rPois   .            c - +0 helmet
rElec   .            (no cloak)
rCorr   .            (no gloves)
SInv    .            (no boots)
Will    .....        (no amulet)
Stlth   ++           (no ring)
HPRegen 0.29/turn    (no ring)
MPRegen 0.13/turn

%: no teleportation
@: weakened, slowed, very slow
A: powered by death 1, powered by pain 2
a: Renounce Religion, Draw Escape, Draw Destruction, Draw Summoning


You were in the Dungeon.
You worshipped Nemelex Xobeh.
Nemelex Xobeh was pleased with you.
You visited 1 branch

Inventory:

Hand Weapons
 a - a +0 trident
 o - a +2 trident
 p - a +1 heavy trident (weapon)
Missiles
 d - 3 throwing nets (quivered)
 e - a javelin
Armour
 b - a +0 leather armour (worn)
 c - a +0 helmet (worn)
Scrolls
 k - a scroll of blinking
 m - 5 scrolls of amnesia
 n - a scroll of butterflies
Potions
 f - 6 potions of curing
 g - 4 potions of heal wounds
 h - a potion of haste
 i - 4 potions of magic
 j - 2 potions of berserk rage
 l - 2 potions of invisibility


   Skills:
 + Level 5.3 Fighting
 + Level 8.9 Polearms
 + Level 3.5 Throwing
 + Level 5.0 Armour
 + Level 6.0 Dodging
 + Level 4.1 Stealth
 * Level 9.0 Invocations


You had 6 spell levels left.
You didn't know any spells.
Your spell library was empty.

Dungeon Overview and Level Annotations

Branches:
Dungeon (1/1)

Altars:
Ashenzari
Cheibriados
Dithmenos
Fedhas
Gozag
Hepliaklqana
Kikubaaqudgha
Makhleb
Nemelex Xobeh
Okawaru
Qazlal
Ru
Sif Muna
Trog
Uskayaw
Vehumet
Wu Jian
Xom
Yredelemnul
Jiyva
Lugonu


Innate Abilities, Weirdness & Mutations

You regenerate a little health from kills.
You sometimes gain power by taking damage.


Message History

The gnoll hits you from afar with a +0 spear.
The gnoll shouts!
You reach to attack!
You barely miss the gnoll.
You hear a chilling moan.
The gnoll misses you.
You puncture the gnoll!
The gnoll is almost dead.
The gnoll hits you from afar with a +0 spear.
The gnoll hits you with a +0 whip.
You hit the gnoll.
The gnoll is almost dead.
The gnoll hits you but does no damage.
The gnoll bouda gazes fiercely through you!
You feel your attacks grow feeble. The gnoll misses you.
Unknown command.
You puncture the gnoll!
You kill the gnoll!
Something hits you but does no damage.
Deactivating autopickup; reactivate with Ctrl-A.
The gnoll bouda barks out a call to the hunt!
The gnolls pick up the pace!
You hit something. Something hits you. Something drains your vigour!
You feel yourself slow down.
You miss something.
The molten gargoyle blasts magma at you!
The bolt of magma hits something!!
The bolt of magma hits you! Something hits you!!
* * * LOW HITPOINT WARNING * * *
The molten gargoyle blasts magma at you!
The bolt of magma hits something!
The bolt of magma hits you!
* * * LOW HITPOINT WARNING * * *
Something barely misses you.
You feel much better. Something hits you!
* * * LOW HITPOINT WARNING * * *
Something drains your vigour!
You feel as though you will be slow longer.
Something hits you!
You die...
Your body glows slightly and disappears.

#.#.....#'###...<...#
#.#........##.......#
#.#........##.......#
#'###########.......#
#...†...#.. #########
#..###..#.# ###
#.......#.# ...#
##.###.##)#g...#
#.......#@{9g..+
#..###..#'#gg..#
#.......'.# ...#
########### ###


You could see a molten gargoyle, a gnoll bouda and 3 gnolls.

Vanquished Creatures
  A tarantella (D)
  2 floating eyes (D)
  A phantom (D)
  A necrophage (D)
  A crimson imp (D)
  A gnoll bouda (D)
  An iguana (D)
  A mummy (D)
  A gnoll (D)
  An adder (D)
  An ufetubus (D)
  3 bats (D)
  A bat skeleton (D)
  2 endoplasms (D)
  3 jackals (D)
  A kobold (D)
22 creatures vanquished.

Notes
Turn   | Place    | Note
-------+----------+-------------------------------------------
     0 | D        | rocky1 the Demonspawn Gladiator began the quest for the
                  | Orb.
     0 | D        | Reached XP level 1. HP: 16/16 MP: 1/1
    18 | D        | Found a bloodstained altar of Trog.
    18 | D        | Found a shimmering blue altar of Sif Muna.
    18 | D        | Found a viscous altar of Jiyva.
    18 | D        | Found a hazy altar of Hepliaklqana.
    18 | D        | Found an opulent altar of Gozag.
    19 | D        | Found a basalt altar of Yredelemnul.
    19 | D        | Found a shimmering altar of Xom.
    19 | D        | Found an ornate altar of the Wu Jian Council.
    19 | D        | Found a sacrificial altar of Ru.
    19 | D        | Found a stormy altar of Qazlal.
    19 | D        | Found an iron altar of Okawaru.
    19 | D        | Found a sparkling altar of Nemelex Xobeh.
    19 | D        | Found a burning altar of Makhleb.
    19 | D        | Found a blossoming altar of Fedhas.
    19 | D        | Found a shadowy altar of Dithmenos.
    19 | D        | Found a snail-covered altar of Cheibriados.
    22 | D        | Found a corrupted altar of Lugonu.
    22 | D        | Found a radiant altar of Vehumet.
    23 | D        | Found an ancient bone altar of Kikubaaqudgha.
    23 | D        | Found a hide-covered altar of Uskayaw.
    23 | D        | Found a broken altar of Ashenzari.
    28 | D        | Became a worshipper of Nemelex Xobeh the Trickster
    80 | D        | Reached skill level 1 in Invocations
   180 | D        | Gained mutation: You sometimes gain a little power by
                  | taking damage. [demonic ancestry]
   180 | D        | Reached XP level 2. HP: 22/22 MP: 3/3
   285 | D        | Noticed a floating eye
   285 | D        | Noticed a floating eye
   286 | D        | Reached * piety under Nemelex Xobeh
   286 | D        | Noticed a necrophage
   289 | D        | Paralysed by a floating eye for 2 turns
   291 | D        | Killed a floating eye
   292 | D        | Reached skill level 5 in Polearms
   292 | D        | Reached skill level 1 in Stealth
   292 | D        | Reached skill level 5 in Invocations
   292 | D        | Reached XP level 3. HP: 22/29 MP: 3/6
   292 | D        | Reached XP level 4. HP: 27/35 MP: 3/7
   294 | D        | Paralysed by a floating eye for 4 turns
   302 | D        | Killed a necrophage
   303 | D        | Reached XP level 5. HP: 6/41 MP: 4/9
   303 | D        | Paralysed by a floating eye for 2 turns
   309 | D        | Killed a floating eye
   310 | D        | Reached skill level 5 in Dodging
   310 | D        | Reached skill level 6 in Invocations
   310 | D        | Gained mutation: You regenerate a little health from kills.
                  | [demonic ancestry]
   310 | D        | Reached XP level 6. HP: 8/48 MP: 4/11
   695 | D        | Received a gift from Nemelex Xobeh
   709 | D        | Reached skill level 7 in Invocations
   833 | D        | Reached ** piety under Nemelex Xobeh
   839 | D        | Reached skill level 8 in Invocations
   873 | D        | Received a gift from Nemelex Xobeh
   873 | D        | Noticed a tarantella
   877 | D        | Killed a tarantella
   878 | D        | Reached skill level 5 in Fighting
   878 | D        | Gained mutation: You sometimes gain power by taking damage.
                  | [demonic ancestry]
   878 | D        | Reached XP level 7. HP: 51/56 MP: 13/13
  1206 | D        | Reached skill level 5 in Armour
  1206 | D        | Reached skill level 9 in Invocations
  1567 | D        | Noticed a molten gargoyle
  1573 | D        | HP: 1/56 [molten gargoyle/bolt of magma (14)]
  1574 | D        | Slain by a shadow wraith

Illustrated notes

Levels and vault maps discovered:
D:        pitsprint [storerooms_1, entrance_room_1, metal_vault_3, armoury_2,
          mini_pit_1, grid_room_1, main_hall_1, silver_pit, the_coven_1,
          the_vestibule_1, steel_vault_5, golden_pit, hallway_of_sentries,
          crystal_vault_1, iron_vault_2, final_vault]

Skill      XL: |  1  2  3  4  5  6  7 |
---------------+----------------------+-----
Polearms       | 3 5 6 8 |  8.9
Throwing       | 2 3 |  3.5
Dodging        | 3 4 5 6 |  6.0
Invocations    | 1 5 6 8 9 |  9.0
Fighting       | 3 4 5 |  5.3
Armour         | 2 3 4 5 |  5.0
Stealth        | 1 2 3 4 |  4.1

Action                     |  1- 3 |  4- 6 |  7- 9 || total
---------------------------+-------+-------+-------++-------
  Melee: Trident           |    22 |    38 |    23 ||    83
    Use: Potion            |     1 |     1 |     1 ||     3
   Stab: Sleeping          |     3 |       |       ||     3
 Armour: Leather armour    |     9 |    13 |     6 ||    28
  Dodge: Dodged            |    25 |    19 |    16 ||    60

Table legend: (Time is in decaauts)
 A = Elapsed time spent in this place.
 B = Non-inter-level travel time spent in this place.
 C = Inter-level travel time spent in this place.
 D = Time resting spent in this place.
 E = Time spent auto-exploring this place.
 F = Levels seen in this place.
 G = Mean time per level.
                   A        B        C        D        E       F      G
               +--------+--------+--------+--------+--------+-----+--------+
         Total |   1602 |   1582 |     20 |   1338 |      0 |   1 | 1602.0 |
       Dungeon |   1602 |   1582 |     20 |   1338 |      0 |   1 | 1602.0 |
               +--------+--------+--------+--------+--------+-----+--------+

Top non-repeatable levels by time:
       D: 1602 daAuts
